 Dungeon Crawl Stone Soup version 0.32-a0-886-g41c5271027 (webtiles) character file.

Game seed: 6881054015169180721

162 wildpjah the Slasher (level 5, -7/38 (39) HPs)
             Began as a Demonspawn Gladiator on Apr 2, 2024.
             Mangled by a wight
             ... wielding a +2 scimitar of protection
              (14 damage)
             ... on level 4 of the Dungeon.
             The game lasted 00:05:06 (2986 turns).

wildpjah the Slasher (Demonspawn Gladiator)         Turns: 2986, Time: 00:05:07

HP:   -7/38 (39)    AC:  6    Str: 15    XL:     5   Next: 19%
MP:   5/5           EV: 10    Int:  8    God:
Gold: 156           SH:  4    Dex: 16    Spells: 4/4 levels left

rFire   . . .        a - +0 long sword
rCold   . . .        u - +0 buckler
rNeg    . . .        w - +0 ring mail
rPois   .            c - +0 helmet
rElec   .            (no cloak)
rCorr   .            (no gloves)
SInv    .            (no boots)
Will    .....        (no amulet)
Stlth   +            (no ring)
HPRegen 0.26/turn    (no ring)
MPRegen 0.18/turn

%: no passive effects
@: lightly drained
A: powered by death 1, magic regeneration
a: no special abilities


You were on level 4 of the Dungeon.
You visited 1 branch of the dungeon, and saw 4 of its levels.

You collected 156 gold pieces.

Inventory:

Hand Weapons
 a - a +0 long sword (weapon)
Missiles
 s - 4 poisoned darts
 y - 2 atropa-tipped darts
Armour
 b - a +0 leather armour
 c - a +0 helmet (worn)
 u - a +0 buckler (worn)
 w - a +0 ring mail (worn)
Jewellery
 k - a ring of fire
Wands
 r - a wand of flame (16)
 v - a wand of roots (7)
 B - a wand of mindburst (16)
Scrolls
 f - a scroll of blinking {unknown}
 h - a scroll of immolation {unknown}
 i - 2 scrolls of revelation {unknown}
 j - 4 scrolls of vulnerability {unknown}
 l - a scroll of torment {unknown}
 n - a scroll of enchant weapon {unknown}
 p - 2 scrolls of teleportation {unknown}
 t - a scroll of poison {unknown}
 x - a scroll of amnesia {unknown}
Potions
 g - a potion of haste {unknown}
 m - 2 potions of lignification {unknown}
 o - a potion of resistance {unknown}
 q - a potion of magic {unknown}
 z - a potion of curing {unknown}
 A - a potion of degeneration {unknown}


   Skills:
 + Level 2.7 Fighting
 + Level 4.2 Long Blades
 + Level 1.8 Throwing
 + Level 1.4 Armour
 + Level 3.2 Dodging
 + Level 0.6 Stealth


You had 4 spell levels left.
You didn't know any spells.
Your spell library contained the following spells:

 Spells                   Type           Power      Damage    Failure   Level
 Volatile Blastmotes      Fire/Tloc      0%         2d10      98%         3
 Fulminant Prism          Conj/Alch      0%         3d5       100%        4
 Iskenderun's Mystic Bla Conj/Tloc 0%             2d3        (+2d1     100%        4


Dungeon Overview and Level Annotations

Branches:
Dungeon (4/15)
 Temple: D:4-7

Altars:


Innate Abilities, Weirdness & Mutations

You regenerate a little health from kills.
You regenerate magic rapidly.


Message History

The throwing net hits the goblin.
The goblin is caught in the net!
The goblin struggles against the net.
The wight barely misses you.
Throw: 2 throwing nets
Press: ? - help, Q - select action, (/) - cycle Shift-Dir - straight line, f/p - wight
Aim: a wight, wielding a +2 scimitar of protection and wearing a +0 robe (moderately damaged, 57% to hit)
You throw a throwing net.
The throwing net barely misses the wight.
The throwing net hits the goblin.
The goblin struggles against the net.
The wight hits you with a +2 scimitar of protection.
A ball python comes into view.
Throw: throwing net
Press: ? - help, Q - select action, (/) - cycle Shift-Dir - straight line, f/p - wight
Aim: a wight, wielding a +2 scimitar of protection and wearing a +0 robe (moderately damaged, 57% to hit)
You throw a throwing net.
The throwing net barely misses the wight.
The throwing net hits the goblin.
The goblin struggles against the net.
The wight hits you but does no damage.
You closely miss the wight.
The wight is moderately damaged.
The goblin struggles against the net.
The wight hits you with a +2 scimitar of protection!
* * * LOW HITPOINT WARNING * * *
The wight closely misses you.
The goblin struggles against the net.
You hit the wight but do no damage.
The wight is moderately damaged.
The goblin struggles against the net.
The net rips apart, and the goblin comes free!
The wight misses you.
Throw: javelin
Press: ? - help, Q - select action, (/) - cycle Shift-Dir - straight line, f/p - wight
Aim: a wight, wielding a +2 scimitar of protection and wearing a +0 robe (moderately damaged, 57% to hit)
You throw a javelin. The javelin pierces through the wight!
The wight is almost destroyed.
The javelin pierces through the goblin!
You kill the goblin!
The javelin pierces through the ball python.
You kill the ball python!
The wight hits you with a +2 scimitar of protection!
You die...

##.#.#.......[.#
##..............##
##..#.#.......#..#
##......##.###...#
.....#.....#...#.#
##...#...#>#.###.# ##
#.#.........# #.# $..
#.#.#.....### #.# ..#
#........... #@# ..#
.........####.#z##.g.#.#
.........##....)......#
......... #....†..##..:.
....... #......## .
..).... #......#
#......# #####(.. #...


You could see a wight.

Vanquished Creatures
  A bombardier beetle (D:4)
  Jessica (D:2)
  4 adders
  3 dart slugs
  2 ribbon worms
  5 orcs (D:3)
  4 ball pythons
  7 bats
  5 endoplasms
  3 giant cockroaches
  3 goblins
  3 hobgoblins
  2 frilled lizards
  5 kobolds
  7 rats
55 creatures vanquished.

Notes
Turn   | Place    | Note
-------+----------+-------------------------------------------
     0 | D:1      | wildpjah the Demonspawn Gladiator began the quest for the
                  | Orb.
     0 | D:1      | Reached XP level 1. HP: 16/16 MP: 1/1
   167 | D:1      | Gained mutation: You regenerate magic rapidly. [demonic
                  | ancestry]
   167 | D:1      | Reached XP level 2. HP: 23/23 MP: 2/2
   324 | D:1      | Reached skill level 3 in Long Blades
   438 | D:1      | You fall into a shaft and drop 1 floor!
   849 | D:2      | Gained mutation: You regenerate a little health from kills.
                  | [demonic ancestry]
   849 | D:2      | Reached XP level 3. HP: 25/28 MP: 3/3
   911 | D:2      | Noticed Jessica
   918 | D:2      | Killed Jessica
  1931 | D:2      | Reached XP level 4. HP: 18/34 MP: 4/4
  2086 | D:3      | Reached skill level 1 in Armour
  2915 | D:4      | Reached skill level 4 in Long Blades
  2915 | D:4      | Reached XP level 5. HP: 39/39 MP: 5/5
  2986 | D:4      | Mangled by a wight

Illustrated notes

Levels and vault maps discovered:
D:1:      minmay_arrival_up_and_down, layout_basic, minmay_tetromino_o2
D:2:      layout_basic, dk_noncrumbling_2, minmay_fountain_box, uniq_jessica
D:3:      layout_loops_ring, minmay_fractal_squares_5
D:4:      layout_rooms, serial_glass, glass_columns_a, glass_columns_b,
          minivault_26, minmay_bisected, uniq_natasha

Skill      XL: |  1  2  3  4 |
---------------+-------------+-----
Long Blades    | 3 4 |  4.2
Dodging        | 3 |  3.2
Armour         | 1 |  1.4
Fighting       | |  2.7
Throwing       | |  1.8
Stealth        | |  0.6

Action                     |  1- 3 |  4- 6 || total
---------------------------+-------+-------++-------
  Melee: Long sword        |    91 |    89 ||   180
  Throw: Throwing net      |       |     3 ||     3
         Javelin           |       |     1 ||     1
   Stab: Sleeping          |     3 |     1 ||     4
 Armour: Leather armour    |    57 |    21 ||    78
         Ring mail         |       |    33 ||    33
  Dodge: Dodged            |    66 |    48 ||   114
  Block: Buckler           |       |    11 ||    11

Table legend: (Time is in decaauts)
 A = Elapsed time spent in this place.
 B = Non-inter-level travel time spent in this place.
 C = Inter-level travel time spent in this place.
 D = Time resting spent in this place.
 E = Time spent auto-exploring this place.
 F = Levels seen in this place.
 G = Mean time per level.
                   A        B        C        D        E       F      G
               +--------+--------+--------+--------+--------+-----+--------+
         Total |   3030 |   2898 |    132 |     56 |   2301 |   4 |  757.5 |
       Dungeon |   3030 |   2898 |    132 |     56 |   2301 |   4 |  757.5 |
               +--------+--------+--------+--------+--------+-----+--------+

Top non-repeatable levels by time:
     D:2: 1303 daAuts
     D:1: 813 daAuts
     D:3: 717 daAuts
     D:4: 196 daAuts
